 Dungeon Crawl Stone Soup version 0.31-a0-176-g91f28db67f (webtiles) character file.

Game seed: 7669655450853936333

12527 MacCMillion the Frost Mage (level 11, -1/84 HPs)
             Began as a Gnoll Ice Elementalist on June 18, 2023.
             Was an Elder of Cheibriados.
             Killed by divine providence
             ... invoked by a smoke demon
             ... summoned by an obsidian statue
              (10 damage)
             ... in a Gauntlet.
             The game lasted 00:40:02 (15055 turns).

MacCMillion the Frost Mage (GnIE)                  Turns: 15055, Time: 00:40:02

Health: -1/84      AC: 13    Str: 18    XL:     11   Next: 94%
Magic:  9/23       EV: 19    Int: 34    God:    Cheibriados [****..]
Gold:   608        SH:  5    Dex: 26    Spells: 9/27 levels left

rFire   x . .        V - +3 scimitar (flame)
rCold   + . .        (no shield)
rNeg    . . .        g - +0 leather armour
rPois   .            s - +0 helmet
rElec   .            Y - +1 cloak {Stlth+}
rCorr   .            x - +2 pair of gloves {Dex+3}
SInv    .            r - +1 pair of boots
Will    .....        n - amulet of reflection
Stlth   +++++        p - +6 ring of intelligence
HPRegen 0.34/turn    U - ring of ice
MPRegen 0.18/turn

%: no teleportation, reflection
@: weakened, very slow
A: fangs 1, strong nose, distributed training
a: Renounce Religion, Bend Time, Temporal Distortion, Slouch


You were in a Gauntlet.
You worshipped Cheibriados.
Cheibriados was greatly pleased with you.
You visited 2 branches of the dungeon, and saw 12 of its levels.
You also visited: Bailey and Gauntlet.

You collected 608 gold pieces.

Inventory:

Hand Weapons
 B - a +2 whip of venom
 V - a +3 scimitar of flaming (weapon)
Missiles
 v - 2 throwing nets
 M - 7 javelins
Armour
 g - a +0 leather armour (worn)
 r - a +1 pair of boots (worn)
 s - a +0 helmet (worn)
 x - a +2 pair of gloves of dexterity (worn)
 Y - a +1 cloak of stealth (worn)
Magical Staves
 S - a staff of conjuration
Jewellery
 a - a +6 ring of strength
 e - a +5 ring of evasion
 j - a ring of protection from fire
 m - a ring of willpower
 n - an amulet of reflection (around neck)
 p - a +6 ring of intelligence (left hand)
 E - a ring of see invisible
 H - a ring of willpower
 K - a +6 ring of strength
 U - a ring of ice (right hand)
 X - a ring of ice
Wands
 z - a wand of roots (19)
 J - a wand of flame (49)
 O - a wand of mindburst (26)
 W - a wand of polymorph (10)
Scrolls
 c - 2 scrolls of enchant weapon {unknown}
 d - a scroll of noise
 h - a scroll of torment
 k - 3 scrolls of amnesia
 o - 3 scrolls of teleportation
 q - a scroll of enchant armour {unknown}
 y - 3 scrolls of poison
 A - a scroll of immolation
 G - 3 scrolls of fog
 I - a scroll of revelation
 L - a scroll of brand weapon
 P - a scroll of vulnerability {unknown}
 T - a scroll of butterflies {unknown}
Potions
 b - a potion of magic
 f - 2 potions of lignification
 i - 3 potions of invisibility
 l - 6 potions of brilliance
 t - 4 potions of enlightenment {unknown}
 u - a potion of ambrosia {unknown}
 w - 3 potions of attraction
 C - 4 potions of heal wounds
 D - a potion of berserk rage {unknown}
 F - a potion of mutation {unknown}
 N - 2 potions of might
 R - a potion of curing
 Z - a potion of experience {unknown}


   Skills:
 + Level 7.0 Fighting
 + Level 7.0 Short Blades
 + Level 7.0 Long Blades
 + Level 7.0 Axes
 + Level 7.0 Maces & Flails
 + Level 7.0 Polearms
 + Level 7.0 Staves
 + Level 7.0 Ranged Weapons
 + Level 7.0 Throwing
 + Level 7.0 Armour
 + Level 8.5 Dodging
 + Level 8.2 Stealth
 + Level 7.0 Shields
 + Level 7.0 Unarmed Combat
 + Level 8.7 Spellcasting
 + Level 5.8 Conjurations
 + Level 5.8 Hexes
 + Level 5.8 Summonings
 + Level 5.8 Necromancy
 + Level 5.8 Translocations
 + Level 5.8 Transmutations
 + Level 5.8 Fire Magic
 + Level 9.3 Ice Magic
 + Level 5.8 Air Magic
 + Level 5.8 Earth Magic
 + Level 5.8 Poison Magic
 + Level 7.7 Invocations
 + Level 7.0 Evocations


You had 9 spell levels left.
You knew the following spells:

 Your Spells              Type           Power      Damage    Failure   Level
a - Freezing Cloud        Conj/Ice/Air   38%        6-21      5%          5
b - Frozen Ramparts       Ice            100%       1d16      1%          3
c - Ozocubu's Armour      Ice            87%        N/A       1%          3
d - Summon Ice Beast      Ice/Summ       79%        N/A       1%          4
e - Call Canine Familiar  Summ           53%        N/A       1%          3

Your spell library contained the following spells:

 Spells                   Type           Power      Damage    Failure   Level
 Apportation              Tloc           100%       N/A       1%          1
 Freeze                   Ice            100%       1d10      1%          1
 Necrotise                Necr           100%       1d9       1%          1
 Summon Small Mammal      Summ           100%       N/A       1%          1
 Poisonous Vapours        Pois/Air       100%       N/A       1%          2
 Scorch                   Fire           100%       2d9       1%          2
 Mephitic Cloud           Conj/Pois/Air  53%        N/A       1%          3
 Portal Projectile        Hex/Tloc       100%       N/A       1%          3
 Summon Guardian Golem    Hex/Summ       53%        N/A       1%          3
 Tukima's Dance           Hex            53%        N/A       1%          3
 Vhi's Electric Charge    Tloc/Air       100%       N/A       1%          3
 Flame Wave               Conj/Fire      53%        2d13      3%          4
 Arcjolt                  Conj/Air       26%        1d36      9%          5
 Blade Hands              Tmut           26%        N/A       9%          5
 Summon Cactus Giant      Summ           26%        N/A       43%         6
 Maxwell's Capacitive Co  Air            26%        ∞         100%        8


Dungeon Overview and Level Annotations

Branches:
Dungeon (11/15)            Temple (1/1) D:4            Lair (0/5) D:8
 Bailey (visited)         Gauntlet (1/1)
    Orc: D:9-12

Altars:
Ashenzari
Cheibriados
Dithmenos
Elyvilon
Fedhas
Gozag
Hepliaklqana
Kikubaaqudgha
Makhleb
Nemelex Xobeh
Okawaru
Qazlal
Ru
Sif Muna
Trog
Uskayaw
Vehumet
Wu Jian
Xom
Yredelemnul
Zin
The Shining One

Annotations:
D:5 Grinder
D:6 2 transporters Gauntlet 9 transporters, exclusion: obsidian statue


Innate Abilities, Weirdness & Mutations

You have very sharp teeth.
Your uncanny sense of smell can sniff out nearby items.
Your experience applies equally to all skills.


Message History

You block the iron imp's attack.
The obsidian statue's eyes glow briefly.
You block the iron imp's attack. The iron imp attacks as you move away!
The iron imp hits you but does no damage.
The orange demon completely misses you. The orange demon barely misses you.
The obsidian statue's eyes glow briefly.
You slash the obsidian statue!
The obsidian statue is lightly damaged.
The orange demon closely misses you. The orange demon barely misses you.
You hit the obsidian statue but do no damage.
The obsidian statue is lightly damaged.
The orange demon stings you. The orange demon closely misses you.
You hit the obsidian statue but do no damage.
The obsidian statue is lightly damaged.
The orange demon misses you. The orange demon hits you.
You feel your attacks grow feeble.
The soul eater draws from the surrounding life force!
You hit the obsidian statue but do no damage.
The obsidian statue is lightly damaged.
The orange demon misses you.
The orange demon hits you but does no damage.
The soul eater draws from the surrounding life force!
* * * LOW HITPOINT WARNING * * *
You slash the obsidian statue!
You bite the obsidian statue, but do no damage.
The obsidian statue is moderately damaged.
You block the orange demon's attack.
The orange demon hits you but does no damage.
The soul eater hits you!
* * * LOW HITPOINT WARNING * * *
The quasit misses you. You block the quasit's attack.
The quasit barely misses you. The orange demon misses you.
The orange demon closely misses you.
You hit the obsidian statue but do no damage.
The obsidian statue is moderately damaged.
The soul eater hits you but does no damage.
The smoke demon gestures at you. Something smites you!
You die...

#8.8.8..©.©..8.8.8####
#≈...............≈##8#
#########################
........≈∩≈............≈#
........................#
########...###########..###
##.....#...#..)[3.?..#..#8#
#.###.5#...#####8##.##..###
.##5##.#...##.##@4#.##..#
.#.#5#.#...##.^.5355.#..###
.#©#.#.#...###.##.##.#..#8#
.#.#.#.#...###©#^.##.#..###
#5##.#p#...#...^..#.##..#
###.##5#...#.##.##.###..###
...##=.#...#.##.##.###..#8#
########...###########..###
.......§§≈....#.©.#.....#


You could see an obsidian statue, a soul eater (summoned), an orange demon
(summoned), a smoke demon (summoned), an iron imp (summoned), a quasit
(summoned) and a white imp (summoned).

Vanquished Creatures
  Harold (D:9)
  Erica (D:10)
  A two-headed ogre (D:8)
  Nergalle (D:10)
  Lodul (D:10)
  Maggie (D:10)
  A komodo dragon (D:10)
  2 hornets (D:10)
  Sigmund (D:6)
  2 vampires
  7 yaks
  2 wyverns
  3 wargs (D:8)
  Edmund (D:5)
  A water moccasin (D:5)
  An acid dragon (D:10)
  2 orc warriors
  2 sky beasts
  2 black bears
  A centaur (D:10)
  9 ogres
  A phantom (D:4)
  A kobold brigand (D:7)
  3 bullfrogs
  3 scorpions
  9 wights (D:8)
  11 killer bees
  4 howler monkeys
  7 vampire bats (Bailey)
  5 wolf zombies (Bailey)
  3 jellies
  6 orc priests
  2 hounds
  An iron imp (D:4)
  A sleepcap (D:6)
  2 iguanas (D:4)
  13 orc wizards
  Robin (D:4)
  6 adders
  4 gnolls (D:3)
  16 orc zombies (Bailey)
  A white imp (D:7)
  An ufetubus (D:6)
  A worm (D:4)
  7 dart slugs
  27 orcs
  8 bats
  8 endoplasms
  4 giant cockroaches
  24 goblins
  13 hobgoblins
  A jackal (D:4)
  5 quokkas
  5 ball pythons
  2 frilled lizards
  10 kobolds
  5 rats
264 creatures vanquished.

Vanquished Creatures (collateral kills)
  An entropy weaver (Gauntlet)
  A gargoyle (Bailey)
  A jumping spider (Gauntlet)
  2 yaks (D:10)
  A redback (Gauntlet)
  2 ogres (D:10)
  An orc priest (D:9)
  An orc wizard (D:9)
  2 orcs
  8 orc zombies (Bailey)
20 creatures vanquished.

Grand Total: 284 creatures vanquished

Notes
Turn   | Place    | Note
-------+----------+-------------------------------------------
     0 | D:1      | MacCMillion the Gnoll Ice Elementalist began the quest for
                  | the Orb.
     0 | D:1      | Reached XP level 1. HP: 13/13 MP: 6/6
    78 | D:1      | Reached XP level 2. HP: 20/20 MP: 5/7
   859 | D:1      | Reached skill level 5 in Spellcasting
   859 | D:1      | Reached XP level 3. HP: 25/25 MP: 7/9
   863 | D:1      | Learned a level 3 spell: Frozen Ramparts
   867 | D:1      | Learned a level 3 spell: Ozocubu's Armour
  1203 | D:2      | Noticed a black bear
  1215 | D:2      | Reached skill level 1 in Invocations
  1216 | D:2      | Killed a black bear
  1217 | D:2      | Reached skill level 1 in Fighting
  1217 | D:2      | Reached skill level 1 in Short Blades
  1217 | D:2      | Reached skill level 1 in Long Blades
  1217 | D:2      | Reached skill level 1 in Axes
  1217 | D:2      | Reached skill level 1 in Maces & Flails
  1217 | D:2      | Reached skill level 1 in Polearms
  1217 | D:2      | Reached skill level 1 in Staves
  1217 | D:2      | Reached skill level 1 in Ranged Weapons
  1217 | D:2      | Reached skill level 1 in Throwing
  1217 | D:2      | Reached skill level 1 in Armour
  1217 | D:2      | Reached skill level 1 in Shields
  1217 | D:2      | Reached skill level 1 in Unarmed Combat
  1217 | D:2      | Reached skill level 1 in Conjurations
  1217 | D:2      | Reached skill level 1 in Hexes
  1217 | D:2      | Reached skill level 1 in Summonings
  1217 | D:2      | Reached skill level 1 in Necromancy
  1217 | D:2      | Reached skill level 1 in Translocations
  1217 | D:2      | Reached skill level 1 in Transmutations
  1217 | D:2      | Reached skill level 1 in Fire Magic
  1217 | D:2      | Reached skill level 1 in Air Magic
  1217 | D:2      | Reached skill level 1 in Earth Magic
  1217 | D:2      | Reached skill level 1 in Poison Magic
  1217 | D:2      | Reached skill level 1 in Evocations
  1217 | D:2      | Reached XP level 4. HP: 32/32 MP: 2/11
  1217 | D:2      | Reached XP level 5. HP: 37/37 MP: 2/12
  1958 | D:3      | Found a faded altar of an unknown god.
  2330 | D:3      | Found a glowing silver altar of Zin.
  2330 | D:3      | Found a glowing golden altar of the Shining One.
  2663 | D:3      | Reached XP level 6. HP: 35/44 MP: 4/13
  2812 | D:4      | Reached skill level 5 in Dodging
  2873 | D:4      | Found a staircase to the Ecumenical Temple.
  2884 | Temple   | Entered the Ecumenical Temple
  3112 | D:4      | Noticed Robin
  3119 | D:4      | Killed Robin
  3216 | D:4      | Learned a level 4 spell: Summon Ice Beast
  3667 | D:4      | Reached XP level 7. HP: 51/51 MP: 7/15
  4143 | D:4      | Found a snail-covered altar of Cheibriados.
  4196 | D:4      | Became a worshipper of Cheibriados the Contemplative
  4367 | D:4      | Reached skill level 5 in Stealth
  4603 | D:5      | Entered Level 5 of the Dungeon
  4616 | D:5      | Noticed Edmund
  4626 | D:5      | Killed Edmund
  4763 | D:5      | Reached XP level 8. HP: 58/58 MP: 9/16
  5466 | D:5      | Noticed Grinder
  5665 | D:6      | Reached * piety under Cheibriados
  5855 | D:6      | Found a transporter.
  5887 | D:6      | Noticed Sigmund
  6082 | D:6      | Found a transporter.
  6514 | D:6      | Killed Sigmund
  6515 | D:6      | Reached XP level 9. HP: 65/65 MP: 11/18
  6668 | D:6      | Learned a level 5 spell: Freezing Cloud
  7065 | D:7      | Reached skill level 8 in Ice Magic
  8106 | D:8      | Reached skill level 5 in Invocations
  8391 | D:8      | Reached ** piety under Cheibriados
  8496 | D:8      | Found an ornate altar of the Wu Jian Council.
  8843 | D:8      | Reached skill level 5 in Fighting
  8843 | D:8      | Reached skill level 5 in Short Blades
  8843 | D:8      | Reached skill level 5 in Long Blades
  8843 | D:8      | Reached skill level 5 in Axes
  8843 | D:8      | Reached skill level 5 in Maces & Flails
  8843 | D:8      | Reached skill level 5 in Polearms
  8843 | D:8      | Reached skill level 5 in Staves
  8843 | D:8      | Reached skill level 5 in Ranged Weapons
  8843 | D:8      | Reached skill level 5 in Throwing
  8843 | D:8      | Reached skill level 5 in Armour
  8843 | D:8      | Reached skill level 5 in Shields
  8843 | D:8      | Reached skill level 5 in Unarmed Combat
  8843 | D:8      | Reached skill level 5 in Evocations
  8843 | D:8      | Reached XP level 10. HP: 56/74 MP: 12/20
  8911 | D:8      | Found a sparkling altar of Nemelex Xobeh.
  8917 | D:8      | Noticed a two-headed ogre
  8928 | D:8      | Killed a two-headed ogre
  9269 | D:8      | Found a staircase to the Lair.
  9823 | D:9      | Reached *** piety under Cheibriados
  9859 | D:9      | Found a flagged portal.
  9868 | Bailey   | Entered a bailey
 10368 | Bailey   | Reached **** piety under Cheibriados
 10442 | Bailey   | Noticed a gargoyle
 10461 | Bailey   | Killed a gargoyle
 11535 | Bailey   | Identified the staff of poison "Naefaana" {rPois Int+3}
 11683 | D:9      | Noticed Harold
 11696 | D:9      | Killed Harold
 11936 | D:9      | Found an opulent altar of Gozag.
 12436 | D:10     | Entered Level 10 of the Dungeon
 12528 | D:10     | Reached skill level 5 in Conjurations
 12528 | D:10     | Reached skill level 5 in Hexes
 12528 | D:10     | Reached skill level 5 in Summonings
 12528 | D:10     | Reached skill level 5 in Necromancy
 12528 | D:10     | Reached skill level 5 in Translocations
 12528 | D:10     | Reached skill level 5 in Transmutations
 12528 | D:10     | Reached skill level 5 in Fire Magic
 12528 | D:10     | Reached skill level 5 in Air Magic
 12528 | D:10     | Reached skill level 5 in Earth Magic
 12528 | D:10     | Reached skill level 5 in Poison Magic
 12533 | D:10     | Reached XP level 11. HP: 81/81 MP: 16/22
 12604 | D:10     | Noticed Maggie
 12605 | D:10     | Noticed Erica
 12843 | D:10     | Killed Erica
 13163 | D:10     | Killed Maggie
 13508 | D:10     | Reached skill level 9 in Ice Magic
 13620 | D:10     | Noticed Lodul
 13625 | D:10     | Reached ***** piety under Cheibriados
 13637 | D:10     | Noticed Nergalle
 13650 | D:10     | Killed Lodul
 13679 | D:10     | Killed Nergalle
 14310 | D:11     | Found a gate leading to a gauntlet.
 14316 | Gauntlet | Entered a Gauntlet
 14316 | Gauntlet | Noticed an entropy weaver
 14316 | Gauntlet | Found a transporter.
 14316 | Gauntlet | Found a transporter.
 14316 | Gauntlet | Found a transporter.
 14316 | Gauntlet | Found a transporter.
 14325 | Gauntlet | Found a transporter.
 14337 | Gauntlet | Found a transporter.
 14351 | Gauntlet | Found a transporter.
 14365 | Gauntlet | Found a transporter.
 14376 | Gauntlet | Found a transporter.
 14379 | Gauntlet | Found a transporter.
 14380 | Gauntlet | Noticed a wizard
 14396 | Gauntlet | Found a transporter.
 14396 | Gauntlet | Noticed an obsidian statue
 14414 | Gauntlet | Found a transporter.
 14475 | Gauntlet | Learned a level 3 spell: Call Canine Familiar
 14511 | Gauntlet | Killed an entropy weaver
 15035 | Gauntlet | Noticed a sixfirhy
 15046 | Gauntlet | Noticed a soul eater
 15055 | Gauntlet | Killed from afar by a smoke demon

Illustrated notes

Levels and vault maps discovered:
D:1:      saegor_arrival_simple_a, layout_loops_ring
D:2:      cheibrodos_greedy_goblins, layout_rooms, minmay_quadrilaterals
D:3:      layout_basic, chequers_temple_overflow_statue_of_worship,
          shapermc_ecumenical_altar_gd, nicolae_grassy_gnolls
D:4:      minmay_chambers_of_twos, layout_loops_corners, slow_altar_2,
          minmay_temple_entry_ruins, uniq_robin
D:5:      layout_basic, uniq_grinder, uniq_edmund
D:6:      gammafunk_cloud_chamber, layout_cave_pools, minmay_misc_feat_plants,
          uniq_sigmund
D:7:      layout_loops_corners
D:8:      layout_loops_ring, mainiacjoe_overflow_catwalk,
          mainiacjoe_overflow_surrounded_room, erik_lair_orcish_takeover
D:9:      layout_basic, grunt_gozag_breadcrumbs, enter_bailey_2, uniq_harold
D:10:     layout_gridville, kennysheep_generic_room_14, uniq_maggie, uniq_erica,
          uniq_lodul, uniq_nergalle
D:11:     nicolae_BIG_FREAKIN_CUBE, layout_loops_corners,
          kennysheep_orc_monster_closet_entryway, gauntlet_entry_generic
Temple:   nicolae_temple_superstar
Gauntlet: gammafunk_gauntlet_shortcut [nicolae_gauntlet_arena_grate_2,
          gammafunk_gauntlet_arena_crates, gammafunk_gauntlet_arena_mazey,
          gammafunk_gauntlet_arena_teeth, gammafunk_gauntlet_arena_arrow_garden,
          gammafunk_gauntlet_arena_spirals, gauntlet_exit_hidden_loot]

Skill      XL: |  1  2  3  4  5  6  7  8  9 10 11 |
---------------+----------------------------------+-----
Spellcasting   | 5 6 7 8 |  8.7
Invocations    | 1 2 3 4 5 6 7 |  7.7
Fighting       | 1 2 3 5 6 7 |  7.0
Short Blades   | 1 2 3 5 6 7 |  7.0
Long Blades    | 1 2 3 5 6 7 |  7.0
Axes           | 1 2 3 5 6 7 |  7.0
Maces & Flails | 1 2 3 5 6 7 |  7.0
Polearms       | 1 2 3 5 6 7 |  7.0
Staves         | 1 2 3 5 6 7 |  7.0
Ranged Weapons | 1 2 3 5 6 7 |  7.0
Throwing       | 1 2 3 5 6 7 |  7.0
Armour         | 1 2 3 5 6 7 |  7.0
Shields        | 1 2 3 5 6 7 |  7.0
Unarmed Combat | 1 2 3 5 6 7 |  7.0
Conjurations   | 1 2 3 4 5 |  5.8
Hexes          | 1 2 3 4 5 |  5.8
Summonings     | 1 2 3 4 5 |  5.8
Necromancy     | 1 2 3 4 5 |  5.8
Translocations | 1 2 3 4 5 |  5.8
Transmutations | 1 2 3 4 5 |  5.8
Fire Magic     | 1 2 3 4 5 |  5.8
Air Magic      | 1 2 3 4 5 |  5.8
Earth Magic    | 1 2 3 4 5 |  5.8
Poison Magic   | 1 2 3 4 5 |  5.8
Evocations     | 1 2 3 5 6 7 |  7.0
Dodging        | 5 6 7 8 |  8.5
Stealth        | 5 6 7 8 |  8.2
Ice Magic      | 8 9 |  9.3

Action                     |  1- 3 |  4- 6 |  7- 9 | 10-12 || total
---------------------------+-------+-------+-------+-------++-------
  Melee: Dagger            |    13 |    20 |       |       ||    33
         Bite              |       |     2 |    21 |    30 ||    53
         Punch             |       |     2 |     4 |    14 ||    20
         Whip              |       |    25 |   120 |    18 ||   163
         War axe           |       |       |    28 |   102 ||   130
         Staff             |       |       |       |    52 ||    52
         Unarmed           |       |       |       |    22 ||    22
         Scimitar          |       |       |       |    21 ||    21
  Throw: Javelin           |       |       |     3 |       ||     3
   Cast: Freeze            |    19 |    13 |       |       ||    32
         Frozen Ramparts   |     3 |    24 |    44 |    34 ||   105
         Ozocubu's Armour  |     1 |     6 |    35 |    29 ||    71
         Summon Ice Beast  |       |       |       |    18 ||    18
         Freezing Cloud    |       |       |       |    11 ||    11
         Call Canine Famil |       |       |       |     5 ||     5
 Invoke: Step From Time    |       |       |       |     1 ||     1
  Evoke: Wand              |       |       |       |     1 ||     1
    Use: Scroll            |       |       |     7 |    11 ||    18
         Potion            |       |       |       |     4 ||     4
   Stab: Sleeping          |     8 |     6 |     1 |     1 ||    16
         Distracted        |       |       |       |     1 ||     1
 Armour: Leather armour    |     1 |    10 |    28 |    84 ||   123
         Skin              |       |       |       |     5 ||     5
  Dodge: Dodged            |    13 |    33 |   110 |   244 ||   400
  Block: Other             |       |    11 |    27 |    77 ||   115
         Reflection        |       |     1 |     1 |       ||     2

Table legend: (Time is in decaauts)
 A = Elapsed time spent in this place.
 B = Non-inter-level travel time spent in this place.
 C = Inter-level travel time spent in this place.
 D = Time resting spent in this place.
 E = Time spent auto-exploring this place.
 F = Levels seen in this place.
 G = Mean time per level.
                   A        B        C        D        E       F      G
               +--------+--------+--------+--------+--------+-----+--------+
         Total |  17574 |  16702 |    872 |   4957 |   8401 |  14 | 1255.3 |
       Dungeon |  14559 |  13687 |    872 |   3356 |   7906 |  11 | 1323.5 |
        Temple |    105 |    105 |      0 |      0 |     73 |   1 |  105.0 |
        Bailey |   1987 |   1987 |      0 |   1130 |    139 |   1 | 1987.0 |
      Gauntlet |    922 |    922 |      0 |    471 |    281 |   1 |  922.0 |
               +--------+--------+--------+--------+--------+-----+--------+

Top non-repeatable levels by time:
    D:10: 2099 daAuts
  Bailey: 1987 daAuts
     D:8: 1966 daAuts
     D:4: 1883 daAuts
     D:9: 1591 daAuts
     D:7: 1413 daAuts
     D:5: 1280 daAuts
     D:6: 1122 daAuts
     D:3: 1049 daAuts
     D:2: 1004 daAuts
     D:1: 925 daAuts
Gauntlet: 922 daAuts
    D:11: 223 daAuts
  Temple: 105 daAuts
